 Dungeon Crawl Stone Soup version 0.18.1-6-gd335043 (webtiles) character file.

13446 Scarto the Pandemonic (level 11, -1/78 HPs)
             Began as a Demonspawn Fighter on May 18, 2016.
             Was a High Priest of Makhleb.
             Succumbed to a killer bee's poison
             ... on level 10 of the Dungeon.
             The game lasted 00:30:10 (10436 turns).

Scarto the Pandemonic (Demonspawn Fighter)         Turns: 10436, Time: 00:30:11

Health: -1/78      AC: 14    Str: 20    XL:     11   Next: 75%
Magic:  4/27       EV:  7    Int: 13    God:    Makhleb [*****.]
Gold:   542        SH: 12    Dex: 12    Spells: 0 memorised, 10 levels left

rFire  + . .     SeeInvis .     s - +2 mace (protect)
rCold  . . .     Gourm    .     G - +1 plate armour {rF+}
rNeg   + . .     Faith    .     c - +1 shield
rPois  .         Spirit   +     (no helmet)
rElec  .         Dismiss  .     (no cloak)
rCorr  .         Reflect  .     (no gloves)
SustAt .         Harm     .     (no boots)
MR     .....                    (no amulet)
Stlth  ..........               (no ring)
                                x - ring "Lathraudd" {*Contam rN+ MP+9 Int+5}

@: lethally poisoned (-1 -> -24), not resistant to hostile enchantments,
extremely unstealthy
A: hooves 2, blurry vision 1, deformed body, dopey 1, frail 1, powered by pain
1, wild magic 1, magic shield, magic regeneration, sturdy frame 2
a: Minor Destruction, Lesser Servant of Makhleb, Major Destruction, Greater
Servant of Makhleb, Renounce Religion


You were on level 10 of the Dungeon.
You worshipped Makhleb.
Makhleb was extremely pleased with you.
You were not hungry.

You visited 1 branch of the dungeon, and saw 10 of its levels.
You also visited: Ossuary and Bailey.

You collected 542 gold pieces.

Inventory:

Hand Weapons
 a - a +0 war axe
 s - a +2 mace of protection (weapon)
Missiles
 y - 57 tomahawks of returning
 C - 4 tomahawks (quivered)
Armour
 c - a +1 shield (worn)
 G - a +1 plate armour of fire resistance (worn)
Jewellery
 x - the ring "Lathraudd" (left hand) {*Contam rN+ MP+9 Int+5}
   (You found it on level 7 of the Dungeon)

   [ring of positive energy]

   It affects your intelligence (+5).
   It protects you from negative energy.
   It affects your magic capacity (+9).
   It causes magical contamination when unequipped.
Scrolls
 b - a scroll of recharging
 d - 2 scrolls of identify
 j - 3 scrolls of remove curse
 o - a scroll of enchant armour
 u - a scroll of magic mapping
Potions
 i - a potion of brilliance
 k - a potion of flight
 l - 4 potions of haste
 p - 2 potions of ambrosia
 z - 2 potions of magic
Comestibles
 f - 6 bread rations
 g - 10 beef jerkies
 q - a slice of pizza
 E - 4 meat rations


   Skills:
 + Level 8.3 Fighting
 + Level 7.4(8.6) Axes
 + Level 6.7(8.2) Maces & Flails
 + Level 8.4 Armour
 + Level 8.1 Shields
 + Level 9.6 Invocations


You had 10 spell levels left.
You didn't know any spells.

Dungeon Overview and Level Annotations

Branches:
Dungeon (10/15)            Temple (0/1) D:7            Lair (0/8) D:8
    Orc (0/2) D:9

Altars:
Ashenzari
Dithmenos
Elyvilon
Makhleb
Nemelex Xobeh
Pakellas
Vehumet
Yredelemnul
The Shining One

Shops:
D:7 %(


Innate Abilities, Weirdness & Mutations

You have hoof-like feet.
You sometimes gain a little power by taking damage.
When hurt, damage is shared between your health and your magic reserves.
You regenerate magic rapidly.
Your movements are less encumbered by armour (ER -4).
Scrolls take you a little longer to read.
Armour fits poorly on your strangely shaped body.
You are dopey. (Int -2)
You are frail (-10% HP).
Your spells are a little harder to cast, but a little more powerful.


Message History

You block the killer bee's attack. The big kobold hits you.
* * * LOW HITPOINT WARNING * * *
You block the killer bee's attack. The worker ant closely misses you.
Read which item? (? for menu, Esc to quit)
Okay, then.
Drink which item? (? for menu, Esc to quit)
Okay, then.
You closely miss the worker ant.
The worker ant is almost dead.
* * * LOW HITPOINT WARNING * * *
You feel sick.
The killer bee stings you but does no damage.
The killer bee closely misses you. The kobold hits you but does no damage.
The worker ant bites you but does no damage.
The killer bee stings you but does no damage.
You block the big kobold's attack. You block the killer bee's attack.
You hit the worker ant.
You kill the worker ant!
Makhleb accepts your kill.
You die...

.............#...
.................
.................
..............Z..
.................
#.......KK......
#.....KKya.....
#....<)@yh.....
##########.....
... .


You could see a big kobold, a howler monkey, a worker ant, 2 killer bees, a
giant frog zombie and 3 kobolds.

Vanquished Creatures
  Pikel (D:5)
  Prince Ribbit (D:7)
  A wyvern (D:8)
  2 hippogriffs (D:7)
  2 vampire mosquitoes (D:9)
  2 water moccasins
  2 black bears
  3 ice beasts
  6 orc warriors
  3 sky beasts (D:9)
  4 phantoms
  5 ogres
  5 centaurs
  A crocodile (D:8)
  2 big kobolds
  An elf zombie (Ossuary)
  A gnoll sergeant (D:9)
  7 giant frogs
  A water moccasin zombie (D:7)
  4 scorpions
  23 killer bees
  8 wights
  2 electric eels (D:9)
  6 crimson imps
  A giant frog zombie (D:8)
  3 quasits
  3 jellies
  Crazy Yiuf (D:7)
  8 orc wizards
  6 orc priests
  A giant frog skeleton (D:5)
  9 hounds
  3 iguanas
  5 worker ants
  A big kobold zombie (Ossuary)
  A hound zombie (Ossuary)
  4 mummies (Ossuary)
  2 worker ant zombies
  8 adders
  20 gnolls
  An ooze (D:2)
  2 worms
  2 dart slugs
  3 giant geckos
  32 orcs
  8 bats
  7 giant cockroaches
  8 goblins
  21 hobgoblins
  12 jackals
  3 quokkas
  2 ball pythons
  2 giant gecko skeletons
  4 giant newts
  A gnoll zombie (Ossuary)
  A hobgoblin zombie (Ossuary)
  A jackal skeleton (D:5)
  2 jackal zombies (Ossuary)
  23 kobolds
  3 kobold zombies (Ossuary)
  An orc zombie (Ossuary)
  2 quokka skeletons
  3 rats
  A rat zombie (Ossuary)
314 creatures vanquished.

Vanquished Creatures (collateral kills)
  2 vampire mosquitoes (D:8)
  4 orc warriors
  A worker ant (D:8)
  An iguana (D:8)
  3 orcs (D:9)
11 creatures vanquished.

Vanquished Creatures (others)
  An orc wizard (D:9)
  An orc (D:9)
  A quokka (D:7)
  A bush (D:1)
4 creatures vanquished.

Grand Total: 329 creatures vanquished

Notes
Turn   | Place    | Note
--------------------------------------------------------------
     0 | D:1      | Scarto the Demonspawn Fighter began the quest for the Orb.
     0 | D:1      | Reached XP level 1. HP: 18/18 MP: 1/1
   166 | D:1      | Gained mutation: You have large cloven feet. [demonic ancestry]
   166 | D:1      | Reached XP level 2. HP: 16/24 MP: 2/2
   640 | D:2      | Found a burning altar of Makhleb.
   646 | D:2      | Became a worshipper of Makhleb the Destroyer
   689 | D:2      | Gained mutation: Your movements are slightly less encumbered by armour (ER -2). [demonic ancestry]
   689 | D:2      | Reached XP level 3. HP: 28/29 MP: 3/3
   860 | D:2      | Found a glowing golden altar of the Shining One.
   905 | D:2      | Gained mutation: You have hoof-like feet. [demonic ancestry]
   905 | D:2      | Reached XP level 4. HP: 19/35 MP: 4/4
   979 | D:2      | Reached * piety under Makhleb
  1579 | D:3      | Gained mutation: When hurt, damage is shared between your health and your magic reserves. [demonic ancestry]
  1579 | D:3      | Reached XP level 5. HP: 36/42 MP: 5/5
  1672 | D:3      | Reached skill level 1 in Invocations
  2099 | D:4      | Reached skill level 1 in Maces & Flails
  2224 | D:4      | Noticed an ogre
  2228 | D:4      | Killed an ogre
  2228 | D:4      | Reached skill level 2 in Invocations
  2228 | D:4      | Gained mutation: You regenerate magic rapidly. [demonic ancestry]
  2228 | D:4      | Reached XP level 6. HP: 48/48 MP: 7/7
  2290 | D:4      | Reached ** piety under Makhleb
  2609 | D:5      | Entered Level 5 of the Dungeon
  2627 | D:5      | Found a sand-covered staircase.
  2665 | D:5      | Gained mutation: You sometimes gain a little power by taking damage. [demonic ancestry]
  2665 | D:5      | Reached XP level 7. HP: 50/55 MP: 5/9
  2702 | Ossuary  | Entered an ossuary
  2729 | Ossuary  | Reached skill level 3 in Invocations
  3086 | D:5      | Noticed Pikel
  3110 | D:5      | Killed Pikel
  3110 | D:5      | Reached skill level 5 in Fighting
  3110 | D:5      | Reached skill level 5 in Shields
  3110 | D:5      | Reached skill level 4 in Invocations
  3110 | D:5      | Reached XP level 8. HP: 51/62 MP: 5/11
  3177 | D:5      | Reached *** piety under Makhleb
  3233 | D:5      | Found an oddly glowing altar of Pakellas.
  3460 | D:6      | Got a slimy scale mail
  3471 | D:6      | Identified the +3 scale mail "Hisinap" {+Inv MP+9} (You found it on level 6 of the Dungeon)
  3863 | D:6      | Reached skill level 5 in Armour
  3863 | D:6      | Reached skill level 5 in Invocations
  4123 | D:6      | Found a basalt altar of Yredelemnul.
  4433 | D:7      | Found a staircase to the Ecumenical Temple.
  4446 | D:7      | Reached XP level 9. HP: 69/69 MP: 12/12
  4493 | D:7      | Reached skill level 5 in Axes
  4626 | D:7      | Found a white marble altar of Elyvilon.
  4664 | D:7      | Reached **** piety under Makhleb
  4835 | D:7      | Reached skill level 6 in Invocations
  5266 | D:7      | Found a sparkling altar of Nemelex Xobeh.
  5268 | D:7      | Found a radiant altar of Vehumet.
  5375 | D:7      | Noticed Prince Ribbit
  5387 | D:7      | Killed Prince Ribbit
  5446 | D:7      | Found a shattered altar of Ashenzari.
  5483 | D:7      | Found Mudutt's Weapon Boutique.
  5487 | D:7      | Got a flickering pewter ring
  5641 | D:7      | Found Tavea's Food Shop.
  5755 | D:7      | Noticed Crazy Yiuf
  5761 | D:7      | Killed Crazy Yiuf
  5947 | D:7      | Identified the ring "Lathraudd" {*Contam rN+ MP+9 Int+5} (You found it on level 7 of the Dungeon)
  6102 | D:8      | Found a flagged portal.
  6142 | D:8      | Gained mutation: Your movements are less encumbered by armour (ER -4). [demonic ancestry]
  6142 | D:8      | Reached XP level 10. HP: 70/77 MP: 15/15
  6347 | Bailey   | Entered a bailey
  6391 | Bailey   | Reached ***** piety under Makhleb
  6584 | Bailey   | Reached skill level 7 in Invocations
  6885 | D:8      | Reached skill level 5 in Maces & Flails
  7379 | D:8      | Reached skill level 8 in Invocations
  7379 | D:8      | Reached XP level 11. HP: 86/86 MP: 17/17
  7509 | D:8      | Found a staircase to the Lair.
  7520 | D:9      | Found a shadowy altar of Dithmenos.
  8084 | D:9      | Reached skill level 9 in Invocations
  8088 | D:9      | Gained mutation: You are frail (-10% HP). [mutagenic meat]
  8089 | D:9      | Gained mutation: Your mind is acute. (Int +2) [mutagenic meat]
  8090 | D:9      | Gained mutation: You are somewhat resistant to further mutation. [mutagenic meat]
  8092 | D:9      | Lost mutation: You are frail (-10% HP). [potion of cure mutation]
  8092 | D:9      | Lost mutation: You are somewhat resistant to further mutation. [potion of cure mutation]
  8092 | D:9      | Lost mutation: Your mind is acute. (Int +2) [potion of cure mutation]
  8837 | D:9      | Noticed a cacodemon
  8888 | D:9      | Gained mutation: Scrolls take you a little longer to read. [a cacodemon]
  9536 | D:9      | Reached ****** piety under Makhleb
 10174 | D:9      | Found a staircase to the Orcish Mines.
 10242 | D:9      | Gained mutation: You expend magic power (3 MP) to strengthen your wands. [mutagenic meat]
 10243 | D:9      | Gained mutation: Your spells are a little harder to cast, but a little more powerful. [mutagenic meat]
 10244 | D:9      | Lost mutation: You expend magic power (3 MP) to strengthen your wands. [mutagenic meat]
 10245 | D:9      | Gained mutation: You are frail (-10% HP). [mutagenic meat]
 10246 | D:9      | Gained mutation: Armour fits poorly on your strangely shaped body. [mutagenic meat]
 10247 | D:9      | Gained mutation: You are dopey. (Int -2) [mutagenic meat]
 10406 | D:10     | Entered Level 10 of the Dungeon
 10434 | D:10     | HP: 3/78 [big kobold (2)]
 10435 | D:10     | HP: 1/78 [poisoned by a killer bee]
 10436 | D:10     | Succumbed to a killer bee's poison

Skill      XL: |  1  2  3  4  5  6  7  8  9 10 11 |
---------------+----------------------------------+-----
Axes           | 2 3 4 5 6 7 |  7.4
Shields        | 3 4 5 6 7 8 |  8.1
Armour         | 3 4 5 6 7 8 |  8.4
Invocations    | 2 4 5 6 8 9 |  9.6
Fighting       | 4 5 6 7 8 |  8.3
Maces & Flails | 1 2 3 4 6 |  6.7

Action                   |  1- 3 |  4- 6 |  7- 9 | 10-12 || total
-------------------------+-------+-------+-------+-------++-------
Melee: War axe           |   155 |    64 |       |       ||   219
       Kick              |    12 |    50 |   155 |   233 ||   450
       Mace              |       |   150 |   544 |   904 ||  1598
Throw: Tomahawk          |       |       |       |    67 ||    67
Invok: Minor Destruction |       |       |     1 |       ||     1
       Greater Servant o |       |       |       |     3 ||     3
  Use: Potion            |     1 |     9 |     3 |    12 ||    25
       Scroll            |       |    11 |     3 |     6 ||    20
 Stab: Distracted        |       |       |       |     1 ||     1
       Confused          |       |       |       |     1 ||     1
  Eat: Bread ration      |       |     1 |     3 |     2 ||     6
       Chunk             |       |     2 |     2 |    13 ||    17
       Beef jerky        |       |       |     2 |       ||     2
       Pizza             |       |       |       |     1 ||     1
Armor: Scale mail        |    59 |     4 |   242 |   105 ||   410
       Chain mail        |       |   124 |   213 |       ||   337
       Skin              |       |     5 |       |       ||     5
       Plate armour      |       |       |       |   588 ||   588
Dodge: Dodged            |    30 |    60 |   256 |   403 ||   749
Block: Shield            |    56 |   126 |   452 |   839 ||  1473
